Map: 2000 Atmospheres LE

Players

Probe - Winner!

  • Race: Protoss Protoss

Ranger

  • Race: Protoss Protoss
  • League: Grandmaster

Event: DreamHack SC2 Masters 2021 Summer

VOD

Have the link to the VOD?

Description

Time

  • Played on: May 21, 2021, 4:12 a.m.
  • Length: 10:46

All games in this series

Show
View Real Time Build Order
Export as new Build Order

Probe Protoss - Winner!

Build Orders:  

Get SALT Encoding   

  12  0:00  Probe  
  13  0:12  Probe  
  14  0:17  Pylon  
  14  0:24  Probe (Chrono Boost)  
  15  0:37  Probe (Chrono Boost)  
  15  0:39  Gateway  
  16  0:44  Probe (Chrono Boost)  
  16  0:45  Assimilator  
  17  0:51  Probe  
  17  0:54  Assimilator  
  18  1:03  Probe (Chrono Boost)  
  19  1:07  Gateway  
  19  1:12  Probe (Chrono Boost)  
  19  1:17  Probe (Chrono Boost)  
  21  1:27  Cybernetics Core  
  21  1:29  Probe  
  22  1:34  Pylon  
  22  1:41  Probe  
  23  1:53  Probe  
  24  2:02  Warp Gate (Chrono Boost)  
  24  2:04  Stalker x2  
  24  2:05  Probe  
  29  2:12  Pylon  
  29  2:18  Probe  
  30  2:23  Pylon  
  30  2:30  Probe  
  30  2:34  Stalker  
  33  2:41  Stalker  
  34  3:06  Nexus  
  34  3:15  Shield Battery  
  34  3:16  Probe  
  34  3:18  Sentry  
  37  3:30  Pylon  
  37  3:32  Shield Battery  
  38  3:37  Probe  
  38  3:41  Forge  
  37  3:50  Shield Battery  
  37  3:51  Sentry  
  37  3:53  Probe  
  40  4:01  Twilight Council  
  40  4:03  Sentry  
  40  4:06  Probe  
  43  4:15  Shield Battery  
  43  4:23  Probe, Protoss Ground Weapons Level 1 (Chrono Boost)  
  43  4:24  Stalker  
  44  4:28  Probe  
  41  4:32  Blink (Chrono Boost)  
  41  4:35  Probe  
  42  4:40  Probe  
  43  4:47  Probe  
  43  4:50  Sentry  
  46  4:53  Probe  
  46  4:59  Probe  
  48  5:02  Stalker  
  48  5:05  Probe, Phoenix  
  51  5:11  Probe  
  52  5:16  Gateway  
  52  5:17  Probe, Gateway  
  53  5:23  Probe  
  53  5:26  Stalker  
  56  5:29  Probe  
  56  5:35  Robotics Facility  
  57  5:38  Probe, Pylon  
  57  5:41  Probe, Stalker  
  61  5:54  Nexus  
  61  5:58  Pylon  
  61  6:01  Stalker  
  63  6:05  Assimilator  
  63  6:07  Probe  
  64  6:12  Stalker  
  66  6:24  Probe  
  67  6:29  Protoss Ground Weapons Level 2 (Chrono Boost), Stalker  
  67  6:30  Stalker x2  
  71  6:33  Probe  
  71  6:36  Probe  
  71  6:45  Probe  
  72  6:48  Probe  
  73  6:54  Gateway  
  73  6:55  Gateway  
  73  6:57  Pylon  
  73  6:58  Probe (Chrono Boost)  
  73  7:00  Shield Battery, Sentry  
  77  7:02  Probe (Chrono Boost)  
  77  7:06  Observer  
  77  7:07  Probe (Chrono Boost)  
  79  7:15  Probe (Chrono Boost)  
  82  7:16  Probe (Chrono Boost)  
  82  7:17  Probe (Chrono Boost)  
  82  7:18  Shield Battery, Stalker  
  82  7:21  Probe x2 (Chrono Boost)  
  85  7:24  Probe  
  87  7:33  Probe x2  
  87  7:38  Probe  
  87  7:42  Stalker x4  
  92  7:44  Pylon  
  92  7:45  Probe  
  92  7:47  Probe  
  92  7:49  Charge (Chrono Boost), Zealot, Stalker  
  96  7:54  Probe  
  96  7:57  Probe  
  97  8:07  Gateway  
  97  8:08  Gateway  
  94  8:13  Zealot, Sentry  
  94  8:14  Zealot x4  
  94  8:16  Pylon  
  94  8:17  Pylon  
  94  8:18  Pylon x2  
  106  8:24  Photon Cannon  
  106  8:26  Pylon  
  106  8:28  Warp Prism  
  106  8:33  Photon Cannon  
  108  8:36  Observer  
  108  8:43  Zealot x5  
  108  8:47  Templar Archives  
  118  8:53  Assimilator  
  118  9:04  Nexus  
  118  9:06  Pylon  
  118  9:10  Probe x2  
  118  9:13  Photon Cannon  
  118  9:15  Probe  
  121  9:19  Zealot x3  
  121  9:22  Probe  
  128  9:24  Stalker x2  
  132  9:33  Shield Battery x2  
  132  9:37  High Templar  
  134  9:39  High Templar, Zealot x2  
  134  9:40  Zealot  
  134  9:43  Archon  
  140  9:46  Zealot  
  140  9:50  Zealot  
  140  9:51  Zealot  
  122  10:01  Zealot x3  
  122  10:06  Immortal  
  127  10:07  Zealot  
  127  10:08  Zealot x2  
  127  10:09  Zealot  
  127  10:18  Probe  
Show
View Real Time Build Order
Export as new Build Order

Ranger Protoss 

Build Orders: Blink Stalkers 

Get SALT Encoding   

  12  0:00  Probe  
  13  0:12  Probe  
  14  0:16  Pylon  
  14  0:24  Probe (Chrono Boost)  
  16  0:36  Probe (Chrono Boost)  
  16  0:39  Gateway  
  16  0:43  Probe (Chrono Boost)  
  16  0:45  Assimilator  
  17  0:51  Probe  
  17  0:55  Assimilator  
  18  1:03  Probe (Chrono Boost)  
  19  1:07  Gateway  
  19  1:15  Probe (Chrono Boost)  
  20  1:21  Probe (Chrono Boost)  
  21  1:27  Cybernetics Core  
  21  1:29  Probe  
  22  1:34  Pylon  
  22  1:42  Probe  
  23  1:54  Probe  
  24  2:01  Warp Gate (Chrono Boost)  
  24  2:04  Adept x2  
  24  2:07  Probe  
  29  2:12  Pylon  
  29  2:29  Pylon  
  29  2:37  Stalker x2  
  33  2:56  Probe  
  33  2:57  Pylon  
  34  3:07  Stalker x2  
  38  3:14  Twilight Council  
  38  3:20  Probe  
  39  3:32  Nexus  
  39  3:38  Shield Battery  
  39  3:41  Probe  
  39  3:47  Sentry x2  
  44  3:53  Probe  
  45  3:56  Blink (Chrono Boost)  
  45  4:05  Probe  
  46  4:13  Pylon  
  46  4:17  Probe  
  47  4:24  Phoenix  
  47  4:31  Probe, Stalker, Sentry  
  46  4:40  Robotics Facility  
  46  4:44  Probe (Chrono Boost)  
  48  4:51  Probe (Chrono Boost)  
  48  4:52  Forge  
  49  4:53  Probe (Chrono Boost)  
  49  4:59  Probe  
  50  5:04  Probe  
  50  5:05  Phoenix  
  51  5:11  Probe  
  52  5:16  Probe  
  53  5:23  Probe  
  53  5:27  Gateway, Nexus  
  54  5:29  Observer (Chrono Boost)  
  54  5:33  Gateway  
  54  5:35  Probe  
  56  5:38  Assimilator  
  56  5:41  Protoss Ground Weapons Level 1 (Chrono Boost)  
  56  5:48  Pylon  
  56  5:53  Probe x2  
  58  5:58  Stalker  
  58  5:59  Stalker  
  62  6:05  Probe  
  62  6:07  Immortal (Chrono Boost)  
  66  6:13  Shield Battery  
  66  6:23  Stalker x3  
  72  6:38  Observer, Stalker  
  72  6:39  Probe x2  
  74  6:43  Probe (Chrono Boost), Warp Prism (Chrono Boost)  
  77  6:49  Charge  
  79  6:54  Gateway  
  79  6:56  Probe (Chrono Boost), Gateway  
  79  6:58  Probe (Chrono Boost)  
  79  7:00  Probe (Chrono Boost)  
  80  7:06  Probe x2 (Chrono Boost), Pylon  
  80  7:07  Sentry  
  84  7:09  Probe  
  85  7:20  Stalker x3  
  83  7:37  Warp Prism (Chrono Boost), Stalker  
  83  7:43  Stalker x3  
  91  7:49  Probe x3  
  94  7:52  Stalker x2  
  98  8:00  Protoss Ground Weapons Level 2 (Chrono Boost)  
  98  8:01  Probe x2, Gateway  
  98  8:02  Gateway  
  98  8:04  Photon Cannon  
  100  8:11  Probe  
  101  8:20  Phoenix  
  101  8:27  Photon Cannon  
  101  8:30  Nexus  
  101  8:33  Pylon  
  101  8:35  Templar Archives  
  101  8:40  Photon Cannon  
  101  8:41  Pylon  
  101  8:43  Pylon  
  101  8:51  Zealot x4  
  101  8:55  Pylon  
  108  9:06  Zealot x4  
  116  9:10  Shield Battery  
  116  9:12  Shield Battery  
  116  9:15  High Templar x2, Pylon  
  116  9:16  Zealot x2  
  124  9:21  Archon  
  124  9:30  Dark Shrine  
  124  9:36  Zealot x6  
  136  9:51  Zealot x2  
  124  9:56  Zealot x3  
  124  9:57  Zealot  
  124  9:58  Zealot x2  
  59  10:14  Zealot x2  
  59  10:17  Probe (Chrono Boost)  
  59  10:18  Probe (Chrono Boost)  
  56  10:23  Probe x2 (Chrono Boost)  
  52  10:31  Probe (Chrono Boost)  
Tags
 
Add a new tag
Caveats
  • Supply blocks, unpowered buildings, or Contaminate may cause inaccurate times.
  • Supply counts are checked every 10 seconds.